 Dungeon Crawl Stone Soup version 0.29.1-1-gd02db6906a (webtiles) character file.

Game seed: 11880937160479108086

2 Ovid the Sneak (level 1, -1/7 HPs)
             Began as a Felid Fire Elementalist on Sept 17, 2022.
             Slain by an adder (2 damage)
             ... on level 2 of the Dungeon.
             The game lasted 00:00:41 (101 turns).

Ovid the Sneak (Felid Fire Elementalist)             Turns: 101, Time: 00:00:41

Health: -1/7       AC:  1    Str:  4    XL:     1   Next: 33%
Magic:  1/4        EV: 17    Int: 16    God:
Gold:   0          SH:  0    Dex: 16    Spells: 3/4 levels left
                                        Lives:  0   Deaths: 0

rFire   . . .      SeeInvis +   (weapon unavailable)
rCold   . . .      Faith    .   (shield unavailable)
rNeg    . . .      Spirit   .   (body armour unavailable)
rPois   .          Reflect  .   (helmet unavailable)
rElec   .          Harm     .   (cloak unavailable)
rCorr   .          Rampage  .   (gloves unavailable)
Will    .....                   (boots unavailable)
Stlth   ++........              (no amulet)
HPRegen 0.02/turn               (no ring)
MPRegen 0.09/turn               (no ring)

@: very slightly contaminated, quick
A: very small, claws 1, fangs 3, see invisible, speed 1, shaggy fur 1, stealthy
paws, no weapons or thrown items, no armour, multi-lived
a: no special abilities


You were on level 2 of the Dungeon.
You visited 1 branch of the dungeon, and saw 2 of its levels.

Inventory:

Scrolls
 b - a scroll of silence {unknown}
Potions
 a - a potion of magic


   Skills:
 * Level 2.7 Dodging
 * Level 2.7 Stealth
 * Level 2.0 Spellcasting
 * Level 0.9 Conjurations
 * Level 2.7 Fire Magic


You had 3 spell levels left.
You knew the following spells:

 Your Spells              Type           Power      Damage    Failure   Level
a - Foxfire               Conj/Fire      28%        2x1d5     10%         1

Your spell library contained the following spells:

 Spells                   Type           Power      Damage    Failure   Level
 Scorch                   Fire           20%        2d6       10%         2
 Conjure Flame            Conj/Fire      7%         6-21      28%         3
 Inner Flame              Hex/Fire       6%         N/A       34%         3
 Flame Wave               Conj/Fire      7%         2d5       67%         4


Dungeon Overview and Level Annotations

Branches:
Dungeon (2/15)

Altars:


Innate Abilities, Weirdness & Mutations

You have sharp claws.
You have razor-sharp teeth.
You have supernaturally acute eyesight. (SInv)
You cover ground quickly. (Speed+)
You are covered in fur. (AC +1)
Your paws help you pounce on unaware monsters.
You are incapable of wielding weapons or throwing items.
You cannot wear armour.
You gain extra lives every three experience levels.


Message History

You conjure some foxfire!
The foxfire hits the endoplasm.
The endoplasm is severely wounded.
The foxfire hits the endoplasm.
You kill the endoplasm!
Found a scroll labelled LIQA AFOMAE.
An adder comes into view.
The adder hisses angrily.
Casting: Foxfire (safe; 10% risk of failure)
Press: ? - help, Q - select action Dir - look around, f - activate You miscast Foxfire.
You are very lightly contaminated with residual magic.
Nothing appears to happen.
Casting: Foxfire (safe; 10% risk of failure)
Press: ? - help, Q - select action Dir - look around, f - activate You conjure some foxfire!
The adder bites you.
You are poisoned.
The adder poisons you!
You feel sick.
The foxfire hits the adder.
The adder is moderately wounded.
The foxfire hits the adder.
The adder is moderately wounded.
The adder completely misses you.
You feel sick.
Okay, then.
Casting: Foxfire (safe; 10% risk of failure)
Press: ? - help, Q - select action Dir - look around, f - activate You conjure some foxfire!
You feel sick. The adder completely misses you.
Your foxfire dissipates!
* * * LOW HITPOINT WARNING * * *
You feel sick.
The foxfire hits the adder but does no damage.
The adder is moderately wounded.
* * * LOW HITPOINT WARNING * * *
You feel sick.
You are no longer poisoned.
The adder bites you.
You die...

##### #...# ### #.#@####
... #.#.S..###### # ##
###.###.###.......# ..
...........##.....?.. ##.
#.....#....##........
#8.8#.######...#.#.#####.
........#......#♣#♣#
#.........<......
##.####.#.##.#.#♣.♣#♣


You could see an adder.

Vanquished Creatures
  A bat (D:2)
  An endoplasm (D:2)
2 creatures vanquished.

Vanquished Creatures (others)
  4 foxfires (D:2)
4 creatures vanquished.

Grand Total: 6 creatures vanquished

Notes
Turn   | Place    | Note
-------+----------+-------------------------------------------
     0 | D:1      | Ovid the Felid Fire Elementalist began the quest for the
                  | Orb.
     0 | D:1      | Reached XP level 1. HP: 7/7 MP: 4/4
   101 | D:2      | Slain by an adder

Illustrated notes

Levels and vault maps discovered:
D:1:      moated_graveyard_arrival, layout_basic
D:2:      layout_basic, serial_forest, infiniplex_forest_lined_corner,
          infiniplex_forest_clump_curved, infiniplex_forest_clump_cross,
          infiniplex_forest_end_2, infiniplex_forest_end_3,
          infiniplex_forest_lined_4_way, infiniplex_forest_lined_2,
          infiniplex_forest_zigzag_2, shapermc_ecumenical_altar_mp_vishouse,
          small_statue_intersection, kennysheep_cross_room

Action                   || total
-------------------------++-------
Melee: Unarmed           ||     1
 Cast: Foxfire           ||     3
 Stab: Sleeping          ||     1
Dodge: Dodged            ||     2
